 Dungeon Crawl Stone Soup version 0.27-a0-341-g40fdf68bc5 (webtiles) character file.

Game seed: 4308412054556844680

7 Chiseanne the Skirmisher (level 1, -2/18 HPs)
             Began as a Demonspawn Wanderer on Feb 14, 2021.
             Slain by an adder (5 damage)
             ... on level 2 of the Dungeon.
             The game lasted 00:01:00 (281 turns).

Chiseanne the Skirmisher (Demonspawn Wanderer)       Turns: 281, Time: 00:01:01

Health: -2/18      AC:  2    Str: 13    XL:     1   Next: 91%
Magic:  2/2        EV: 11    Int: 13    God:
Gold:   3          SH:  3    Dex: 11    Spells: 1/2 levels left

rFire    . . .     SeeInvis .   f - +0 mace
rCold    . . .     Faith    .   c - +0 buckler
rNeg     . . .     Spirit   .   d - +0 robe
rPois    .         Reflect  .   (no helmet)
rElec    .         Harm     .   (no cloak)
rCorr    .         Rampage  .   (no gloves)
Will     .....                  (no boots)
Stlth    +.........             (no amulet)
HPRegen  0.06/turn              (no ring)
MPRegen  0.08/turn              (no ring)

@: lethally poisoned (-2 -> -6)
A: no striking features
a: no special abilities


You were on level 2 of the Dungeon.
You visited 1 branch of the dungeon, and saw 2 of its levels.

You collected 3 gold pieces.

Inventory:

Hand Weapons
 f - a +0 mace (weapon)
Missiles
 a - 20 sling bullets
Armour
 c - a +0 buckler (worn)
 d - a +0 robe (worn)
Jewellery
 g - a ring of ice {unknown}
Scrolls
 b - a scroll of teleportation
 e - a scroll of immolation {unknown}


   Skills:
 * Level 3.1 Fighting
 - Level 1.7 Short Blades
 - Level 1.0 Throwing
 * Level 0.6 Dodging
 * Level 1.2 Shields
 - Level 1.0 Spellcasting
 - Level 1.0 Conjurations
 - Level 1.0 Fire Magic


You had one spell level left.
You knew the following spells:

 Your Spells              Type           Power        Failure   Level
a - Magic Dart            Conj           12%          26%         1

Your spell library contained the following spells:

 Spells                   Type           Power        Failure   Level
 Blink                    Tloc           N/A          52%         2
 Call Imp                 Summ           0%           52%         2
 Slow                     Hex            0%           52%         2
 Conjure Flame            Conj/Fire      3%           61%         3
 Mephitic Cloud           Conj/Pois/Air  1%           71%         3


Dungeon Overview and Level Annotations

Branches:
Dungeon (2/15)

Altars:


Message History

You drop a +0 club.
Found 3 gold pieces.
There is a stone staircase leading down here.
A frilled lizard comes into view.
Found 20 sling bullets.
The frilled lizard hisses angrily.
You see here 3 gold pieces.
You now have 3 gold pieces.
You hit the frilled lizard.
You kill the frilled lizard!
You see here a frilled lizard corpse.
a - 20 sling bullets
There is a stone staircase leading down here.
You climb downwards.
A rat comes into view.
Found a diamond ring.
There is a stone staircase leading up here.
You hit the rat.
The rat is heavily wounded.
The rat barely misses you.
You hit the rat.
You kill the rat!
Found a whip.
An adder comes into view.
The adder hisses angrily.
The adder bites you.
Found 9 gold pieces.
You see here a diamond ring.
g - a diamond ring The adder bites you.
You hit the adder but do no damage. The adder bites you.
You are poisoned.
The adder poisons you! You block the adder's attack.
You completely miss the adder.
You feel sick. You block the adder's attack.
The adder bites you but does no damage.
You barely miss the adder. The adder bites you. The adder barely misses you.
You barely miss the adder.
You feel sick. The adder bites you.
* * * LOW HITPOINT WARNING * * *
The adder bites you.
You die...

#.#...######
#######.#.........
..............#
#####........#
#......<.#
##........#
#######...........
......<.........##.#
#######@.......## #
#S..###.## #...# #.#
#...# #.# #....
#..### #..# #$..


You could see an adder.

Vanquished Creatures
  An ooze (D:1)
  2 frilled lizards (D:1)
  2 rats
5 creatures vanquished.

Notes
Turn   | Place    | Note
-------+----------+-------------------------------------------
     0 | D:1      | Chiseanne the Demonspawn Wanderer began the quest for the
                  | Orb.
     0 | D:1      | Chiseanne set off with the following items: a +0 club, a
                  | scroll of teleportation, a +0 buckler, a +0 robe; and the
                  | following spell memorised: Magic Dart; and the following
                  | spells available to memorise: Blink, Call Imp, Slow,
                  | Conjure Flame, Mephitic Cloud
     0 | D:1      | Reached XP level 1. HP: 18/18 MP: 2/2
   281 | D:2      | Slain by an adder

Illustrated notes

Levels and vault maps discovered:
D:1:      mushboom_english_gardens, layout_basic, minmay_vboxes
D:2:      layout_loops_ring, chequers_temple_overflow_statue_of_worship,
          lemuel_crystal_altar, uniq_sigmund

Action                   || total
-------------------------++-------
Melee: Club              ||    13
       Mace              ||     9
Armor: Robe              ||     3
Dodge: Dodged            ||    12
Block: Buckler           ||     4

Table legend: (Time is in decaauts)
 A = Elapsed time spent in this place.
 B = Non-inter-level travel time spent in this place.
 C = Inter-level travel time spent in this place.
 D = Time resting spent in this place.
 E = Time spent auto-exploring this place.
 F = Levels seen in this place.
 G = Mean time per level.
                   A        B        C        D        E       F      G
               +--------+--------+--------+--------+--------+-----+--------+
         Total |    288 |    288 |      0 |    173 |      0 |   2 |  144.0 |
       Dungeon |    288 |    288 |      0 |    173 |      0 |   2 |  144.0 |
               +--------+--------+--------+--------+--------+-----+--------+

Top non-repeatable levels by time:
     D:1: 269 daAuts
     D:2: 19 daAuts
